 Dungeon Crawl Stone Soup version 0.16-a0-4056-gee4db93 (webtiles) character file.

87 vatarom the Magician (level 4, -4/30 HPs)
             Began as a Mummy Summoner on Feb 20, 2015.
             Slain by Natasha (6 damage)
             ... on level 3 of the Dungeon.
             The game lasted 00:05:40 (3404 turns).

vatarom the Magician (Mummy Summoner)               Turns: 3404, Time: 00:05:40

Health: -4/30      AC:  2    Str: 11    XL:     4   Next: 28%
Magic:  0/11       EV: 12    Int: 15    God:
Gold:   175        SH:  0    Dex: 12    Spells: 4 memorised, 1 level left

rFire  x . .     SeeInvis .     d - +0 whip
rCold  + + .     Clarity  .     a - +0 robe
rNeg   + + +     SustAb   .     (no shield)
rPois  ∞         Gourm    .     (no helmet)
rElec  .         Spirit   .     (no cloak)
rCorr  .         Warding  .     (no gloves)
rMut   .         Stasis   .     (no boots)
MR     .....                    (no amulet)
Stlth  ++........               c - ring of wizardry
                                g - ring of protection from cold

@: slowed, very slow, not resistant to hostile enchantments, unstealthy
A: no food or potions, fire vulnerability, restore body, cold resistance 1,
negative energy resistance 3, poison resistance, torment resistance, unbreathing
a: no special abilities


You were on level 3 of the Dungeon.
You were not hungry.

You visited 1 branch of the dungeon, and saw 3 of its levels.

You collected 175 gold pieces.

Inventory:

Hand weapons
 d - a +0 whip (weapon)
Armour
 a - a +0 robe (worn)
Jewellery
 c - a ring of wizardry (right hand)
 g - a ring of protection from cold (left hand)
Scrolls
 e - a scroll of identify
Books
 b - a book of Callings

   Spells                             Type                      Level
   a - Summon Small Mammal            Summoning                    1
   b - Call Imp                       Summoning                    2
   c - Call Canine Familiar           Summoning                    3
   d - Summon Guardian Golem          Hexes/Summoning              4
   e - Summon Lightning Spire         Summoning/Air                4
   f - Summon Ice Beast               Ice/Summoning                4


   Skills:
 - Level 1.5 Dodging
 - Level 1.5 Stealth
 - Level 4.1 Spellcasting
 - Level 3.2 Summonings
 + Level 0.7 Ice Magic


You had one spell level left.
You knew the following spells:

 Your Spells              Type           Power        Failure   Level  Hunger
a - Summon Small Mammal   Summ           ##..         2%          1    N/A
b - Call Imp              Summ           ##......     4%          2    N/A
c - Call Canine Familiar  Summ           ##......     7%          3    N/A
d - Summon Ice Beast      Ice/Summ       #.......     45%         4    N/A

Dungeon Overview and Level Annotations

Branches:
Dungeon (3/15)

Altars:
Dithmenos

Annotations:
D:3 Natasha


Innate Abilities, Weirdness & Mutations

You do not eat or drink.
Your flesh is vulnerable to fire.
Your flesh is cold resistant.
You are immune to negative energy.
Your system is resistant to poisons.
You are immune to unholy pain and torment.
You can survive without breathing.


Message History

Your hound barely misses Natasha.
Natasha stares at you.
You feel troubled.
Your crimson imp hits Natasha.
Your crimson imp barely misses Natasha.
You are too injured to fight recklessly!
You barely miss Natasha.
Natasha is severely wounded.
Natasha casts a spell at you.
You feel yourself slow down.
Your hound barely misses Natasha.
Your crimson imp hits Natasha.
Casting: Call Imp
Confirm with . or Enter, or press ? or * to list all spells.
Your hound disappears in a puff of smoke!
Natasha claws you.
* * * LOW HITPOINT WARNING * * *
Your crimson imp blinks!
Natasha closely misses you.
Your hound closely misses Natasha.
Natasha claws you.
You die...

#># ##....... #.#
###########........
#.#
#........).........
#.#
#.#########........
#.# #.# ##........
#.#
#.########.###.....
#.# #.........##
#.....
#.###..#####.##
#..... #.##..@# #.#
#...÷. #..5§h.# #.##
###..# ####§.h#
#..## ##.#..
##..#####.#.###.###.
#†.......##.....#..
#.#############....
#.# #........#. #.#
##.########. #(#
##.#.## .


You could see Natasha, a friendly hound and a friendly crimson imp.

Vanquished Creatures
  2 adders (D:2)
  3 orcs (D:3)
  6 bats
  A goblin (D:3)
  6 hobgoblins
  4 kobolds
  2 giant newts (D:1)
  A quokka (D:3)
  6 rats (D:1)
31 creatures vanquished.

Vanquished Creatures (collateral kills)
  An orc priest (D:3)
  Terence (D:3)
  An adder (D:3)
  A giant gecko (D:2)
  2 orcs (D:3)
  2 giant cockroaches
  3 goblins
  2 hobgoblins
  2 kobolds
  A rat (D:2)
16 creatures vanquished.

Vanquished Creatures (others)
  3 hounds (D:3)
  2 quokkas
5 creatures vanquished.

Grand Total: 52 creatures vanquished

Notes
Turn   | Place    | Note
--------------------------------------------------------------
     0 | D:1      | vatarom, the Mummy Summoner, began the quest for the Orb.
     0 | D:1      | Reached XP level 1. HP: 13/13 MP: 3/3
   676 | D:1      | Reached XP level 2. HP: 10/19 MP: 1/5
   718 | D:1      | Learned a level 2 spell: Call Imp
  1738 | D:2      | Found a shadowy altar of Dithmenos.
  2013 | D:2      | Reached XP level 3. HP: 24/24 MP: 1/8
  2053 | D:2      | Learned a level 3 spell: Call Canine Familiar
  2847 | D:3      | Reached skill level 4 in Spellcasting
  2847 | D:3      | Reached XP level 4. HP: 3/30 MP: 0/11
  2937 | D:3      | Learned a level 4 spell: Summon Ice Beast
  3242 | D:3      | Noticed Terence
  3252 | D:3      | Killed Terence
  3387 | D:3      | Noticed Natasha
  3404 | D:3      | Slain by Natasha

Action                   |  1- 3 |  4- 6 || total
-------------------------+-------+-------++-------
Melee: Whip              |   149 |    20 ||   169
       Unarmed           |    13 |       ||    13
 Cast: Summon Small Mamm |    12 |     1 ||    13
       Call Imp          |     9 |     3 ||    12
       Call Canine Famil |     6 |     6 ||    12
  Use: Scroll            |     7 |       ||     7
 Stab: Sleeping          |     3 |       ||     3
       Distracted        |     1 |       ||     1
